 Dungeon Crawl Stone Soup version 0.28-a0-983-g1de4e0787c (webtiles) character file.

Game seed: 5823123502050409160

296 kae the Changer (level 6, -2/47 HPs)
             Began as a Draconian Transmuter on Dec 2, 2021.
             Succumbed to a gnoll's poison
             ... on level 4 of the Dungeon.
             The game lasted 00:02:28 (4703 turns).

kae the Changer (Draconian Transmuter)              Turns: 4703, Time: 00:02:29

Health: -2/47      AC:  2    Str: 13    XL:     6   Next: 12%
Magic:  8/10       EV: 19    Int: 15    God:
Gold:   171        SH:  0    Dex: 16    Spells: 3/11 levels left

rFire   . . .      SeeInvis .     - Unarmed
rCold   . . .      Faith    .   (shield currently unavailable)
rNeg    . . .      Spirit   .   (armour unavailable)
rPois   x          Reflect  .   (helmet currently unavailable)
rElec   .          Harm     .   (cloak currently unavailable)
rCorr   .          Rampage  .   (gloves currently unavailable)
Will    .....                   (boots currently unavailable)
Stlth   +.........              (no amulet)
HPRegen 0.15/turn               (no ring)
MPRegen 0.12/turn               (no ring)

@: lethally poisoned (-2 -> -23), spider-form (expiring)
A: venomous fangs, AC +6, tiny, unfitting armour, (cold-blooded)
a: End Transformation


You were on level 4 of the Dungeon.
You were a venomous arachnid creature.
You visited 1 branch of the dungeon, and saw 4 of its levels.

You collected 171 gold pieces.

Inventory:

Jewellery
 a - a ring of flight
Scrolls
 c - 2 scrolls of magic mapping
 d - a scroll of enchant armour
 e - 2 scrolls of identify
 g - a scroll of noise {unknown}
Potions
 b - a potion of might
 f - a potion of lignification {unknown}


   Skills:
 - Level 1.1 Fighting
 - Level 1.7 Dodging
 + Level 4.0 Unarmed Combat
 + Level 3.2 Spellcasting
 * Level 4.4 Transmutations
 * Level 0.5 Ice Magic
 - Level 2.0 Poison Magic


You had 3 spell levels left.
You knew the following spells:

 Your Spells              Type           Power      Damage    Failure   Level
a - Beastly Appendage     Tmut           30%        N/A       11%         1
b - Spider Form           Tmut/Pois      12%        N/A       34%         3
c - Ice Form              Ice/Tmut       9%         N/A       77%         4

Your spell library contained the following spells:

 Spells                   Type           Power      Damage    Failure   Level
 Wereblood                Tmut           15%        N/A       14%         2
 Call Canine Familiar     Summ           2%         N/A       73%         3
 Portal Projectile        Hex/Tloc       4%         N/A       73%         3
 Stone Arrow              Conj/Erth      4%         3d7       73%         3
 Leda's Liquefaction      Hex/Erth       1%         N/A       97%         4
 Fireball                 Conj/Fire      1%         3d3       100%        5
 Iskenderun's Battlesphe  Conj           2%         2d6       100%        5
 Conjure Ball Lightning   Conj/Air       1%         3x3d6     100%        6
 Orb of Destruction       Conj           1%         N/A       100%        7
 Lehudib's Crystal Spear  Conj/Erth      1%         10d2      100%        8
 Animate Armour           Summ/Erth      Unusable   N/A       N/A         4

Dungeon Overview and Level Annotations

Branches:
Dungeon (4/15)
 Temple: D:4-7

Altars:
Cheibriados

Annotations:
D:3 1 runed translucent door, Crazy Yiuf


Innate Abilities, Weirdness & Mutations

You are a venomous arachnid creature.
You have poisonous fangs.
You are tiny and dextrous.
Your spellcasting is less reliable in this form.
Your armour is entirely melded.
You are incapable of wielding weapons or throwing items.
((Your plain brown scales are hard. (AC +6)))
You cannot fit into any form of body armour.
((You are cold-blooded and may be slowed by cold attacks.))


Message History

The gnoll moves out of view.
Casting: Spider Form (dangerous; 16% risk of failure)
Confirm with . or Enter, or press ? or * to list all spells.
You turn into a venomous arachnid creature.
The gnoll completely misses you.
A gnoll comes into view. It is wielding a +0 flail.
The gnoll misses you.
The gnoll hits you with a +2 spear of venom.
You are poisoned.
You hit the gnoll.
The gnoll is heavily wounded.
You feel very sick. The gnoll misses you.
You hit the gnoll but do no damage.
The gnoll is heavily wounded.
You feel very sick. The gnoll closely misses you.
The gnoll hits you with a +2 spear of venom.
You are lethally poisoned!
You hit the gnoll.
The gnoll is poisoned.
The gnoll is almost dead.
You feel extremely sick.
You kill the gnoll!
The gnoll misses you.
You are too injured to fight recklessly!
You are too injured to fight recklessly!
Your transformation is almost over.
You feel extremely sick. The gnoll barely misses you. x2
You see here a +2 spear of venom.
You are too injured to fight recklessly!
You are too injured to fight recklessly!
You hit the gnoll.
The gnoll is moderately wounded.
* * * LOW HITPOINT WARNING * * *
You feel very sick.
The gnoll hits you from afar with a +0 halberd!
* * * LOW HITPOINT WARNING * * *
The gnoll closely misses you.
You die...

.# #....... #.#........
#.......... ..........
#......... #.#g......
##g# #)# ##s##
#####...###
#.#.......####
##............. ..
##...........###
...#####.............#
.#..##.................
........................
.# #####...#...........#


You could see 2 gnolls.

Vanquished Creatures
  2 orc priests (D:3)
  2 iguanas
  An orc wizard (D:3)
  Terence (D:2)
  3 adders
  4 gnolls
  2 dart slugs (D:3)
  4 orcs (D:3)
  7 endoplasms
  A giant cockroach (D:4)
  6 hobgoblins
  8 jackals (D:3)
  9 kobolds
  5 quokkas
  3 ball pythons
  5 frilled lizards
  3 goblins
  4 rats
  A spectral hobgoblin (D:2)
71 creatures vanquished.

Vanquished Creatures (others)
  2 plants (D:3)
2 creatures vanquished.

Grand Total: 73 creatures vanquished

Notes
Turn   | Place    | Note
-------+----------+-------------------------------------------
     0 | D:1      | kae the Draconian Transmuter began the quest for the Orb.
     0 | D:1      | Reached XP level 1. HP: 16/16 MP: 3/3
   534 | D:1      | Reached XP level 2. HP: 23/23 MP: 3/5
  1359 | D:2      | Noticed Terence
  1374 | D:2      | HP: 1/23 [Terence (6)]
  1381 | D:2      | Killed Terence
  1382 | D:2      | Reached XP level 3. HP: 2/28 MP: 6/6
  1386 | D:2      | Learned a level 3 spell: Spider Form
  1738 | D:2      | Found a faded altar of an unknown god.
  2503 | D:3      | Reached XP level 4. HP: 19/35 MP: 3/7
  2527 | D:3      | Reached skill level 1 in Poison Magic
  3090 | D:3      | Reached XP level 5. HP: 27/40 MP: 5/9
  3395 | D:3      | HP: 2/40 [orc priest/divine providence (12)]
  4160 | D:3      | Found a runed translucent door.
  4161 | D:3      | Noticed Crazy Yiuf
  4376 | D:3      | Learned a level 4 spell: Ice Form
  4578 | D:4      | Reached XP level 6. HP: 45/47 MP: 6/10
  4664 | D:4      | Found a snail-covered altar of Cheibriados.
  4702 | D:4      | HP: 1/47 [gnoll (9)]
  4703 | D:4      | Succumbed to a gnoll's poison

Illustrated notes

Levels and vault maps discovered:
D:1:      matt_arrival_spirals, layout_basic
D:2:      layout_basic, dreamdust_ecumenical_altar_drowned_temple, uniq_terence
D:3:      layout_basic, amcnicky_mini_pool_small, hex_tiny, serial_bayou_pond_b,
          uniq_crazy_yiuf_cottage
D:4:      layout_cave_pods, mainiacjoe_overflow_tiny_flanked,
          lemuel_doored_altar, chequers_serial_rivers_micro_a,
          minmay_misc_feat_columns, minivault_24, uniq_edmund

Skill      XL: |  1  2  3  4  5 |
---------------+----------------+-----
Transmutations | 3 4 |  4.4
Poison Magic   | 1 2 |  2.0
Spellcasting   | 3 |  3.2
Unarmed Combat | 4 |  4.0
Fighting       | |  1.1
Dodging        | |  1.7
Ice Magic      | |  0.5

Action                   |  1- 3 |  4- 6 || total
-------------------------+-------+-------++-------
Melee: Unarmed           |   101 |   118 ||   219
       Kick              |    13 |     6 ||    19
       Tailslap          |     8 |     5 ||    13
       Headbutt          |    10 |     4 ||    14
       Punch             |     2 |       ||     2
 Cast: Beastly Appendage |    21 |     9 ||    30
       Spider Form       |     2 |    14 ||    16
  Use: Scroll            |     5 |       ||     5
       Potion            |     1 |       ||     1
 Stab: Sleeping          |       |     1 ||     1
Armor: Skin              |    19 |    29 ||    48
Dodge: Dodged            |    63 |    95 ||   158

Table legend: (Time is in decaauts)
 A = Elapsed time spent in this place.
 B = Non-inter-level travel time spent in this place.
 C = Inter-level travel time spent in this place.
 D = Time resting spent in this place.
 E = Time spent auto-exploring this place.
 F = Levels seen in this place.
 G = Mean time per level.
                   A        B        C        D        E       F      G
               +--------+--------+--------+--------+--------+-----+--------+
         Total |   4697 |   4619 |     78 |     51 |   3953 |   4 | 1174.2 |
       Dungeon |   4697 |   4619 |     78 |     51 |   3953 |   4 | 1174.2 |
               +--------+--------+--------+--------+--------+-----+--------+

Top non-repeatable levels by time:
     D:3: 1690 daAuts
     D:2: 1664 daAuts
     D:1: 1136 daAuts
     D:4: 205 daAuts
